AoeStats
← maximusthefirst

Nomad

510469996Analyzed
2v2 RM · 1d ago on Oct 1, 2026· 55m 30s· 4 players
Game mode
Random Map
Map size
176×176
Population
200
Speed
Normal
Resources
Standard
Victory
Conquest
Starting age
Dark Age
Ending age
Imperial Age
RankedLock teamsTeams togetherTeam positionsShared explorationLock speedFull tech treeHidden civsTurbo modeCheats
Victory
Defeat
🇲🇽 Teutons · Mexico
881
+15
🇨🇴 Bengalis · Colombia
880
+15
🇺🇸 Teutons · United States
905
-16
🇵🇪 Khmer · Peru
823
-14
Slidhane
10:07 Loom
14:02 Feudal Age
14:33 Double-Bit Axe
15:25 Wheelbarrow
18:29 Bloodlines
19:15 Scale Barding Armor
25:38 Castle Age
25:08 Horse Collar
27:54 Bow Saw
32:24 Heavy Plow
37:37 Imperial Age
46:17 Hand Cart
48:35 Town Watch
50:29 Cavalier
52:52 Chain Barding Armor
52:39 Paladin
52:50 Elite Teutonic Knight
53:51 Conscription
54:49 Gold Mining
Addeos
12:25 Feudal Age
13:07 Fishing Lines
19:53 Castle Age
19:03 Double-Bit Axe
23:18 Bow Saw
24:06 Wheelbarrow
26:11 Stone Mining
27:19 Gillnets
28:22 Hand Cart
29:11 Redemption
31:16 Bloodlines
31:06 Husbandry
33:13 Paiks
33:16 Fletching
33:29 Padded Archer Armor
36:38 Gold Mining
39:27 Imperial Age
39:36 Elite Ratha (Ranged)
45:17 Bodkin Arrow
45:37 Leather Archer Armor
45:19 Arrowslits
46:27 Ballistics
46:13 Bracer
49:30 Two-Man Saw
50:55 Mahayana
50:14 Elite Battle Elephant
51:39 Conscription
51:45 Conscription
52:57 Forging
53:22 Ring Archer Armor
53:03 Forging
54:23 Chemistry
maximusthefirst
3:07 Loom
15:54 Feudal Age
17:15 Wheelbarrow
16:31 Double-Bit Axe
16:29 Horse Collar
25:39 Castle Age
23:34 Fletching
23:58 Stone Mining
24:59 Gold Mining
26:38 Hand Cart
25:46 Pikeman
26:27 Squires
26:34 Scale Mail Armor
27:58 Bodkin Arrow
29:30 Bow Saw
32:10 Heavy Plow
34:51 Ironclad
35:09 Fortified Wall
35:11 Masonry
36:46 Stone Shaft Mining
37:37 Chain Mail Armor
38:30 Ballistics
38:33 Town Watch
39:34 Town Patrol
39:45 Arson
44:24 Imperial Age
46:17 Chemistry
45:23 Siege Engineers
45:50 Plate Mail Armor
45:32 Forging
46:20 Conscription
46:37 Hoardings
47:22 Halberdier
48:41 Iron Casting
war_xtreme
7:06 Loom
18:03 Feudal Age
22:09 Castle Age
20:28 Double-Bit Axe
20:37 Gold Mining
22:13 Bloodlines
23:20 Bow Saw
23:16 Husbandry
30:59 Padded Archer Armor
30:50 Fletching
34:06 Imperial Age
39:27 Fervor
42:57 Tusk Swords
45:55 Leather Archer Armor
49:50 Ring Archer Armor
50:55 Ballistics
53:00 Chemistry
Connection lost

Rejoining the realm…

Still unreachable

The connection could not be restored.

Session expired

The server has moved on; the page needs a fresh start.